 Dungeon Crawl Stone Soup version 0.26.1-11-gd32895ea62 (webtiles) character file.

Game seed: 6291833532788165392

130 Almogavar the Conjurer (level 4, -1/24 HPs)
             Began as a Deep Elf Conjurer on May 18, 2021.
             Killed by divine providence
             ... invoked by an orc priest
              (12 damage)
             ... on level 3 of the Dungeon.
             The game lasted 00:06:42 (2534 turns).

Almogavar the Conjurer (Deep Elf Conjurer)          Turns: 2534, Time: 00:06:43

Health: -1/24      AC:  3    Str:  4    XL:     4   Next: 89%
Magic:  11/11      EV: 28    Int: 24    God:
Gold:   160        SH:  0    Dex: 13    Spells: 4/10 levels left

rFire    . . .     SeeInvis .   f - +0 dagger
rCold    . . .     Faith    .   (no shield)
rNeg     . . .     Spirit   .   a - +0 robe
rPois    .         Reflect  .   (no helmet)
rElec    .         Harm     .   (no cloak)
rCorr    .         Rampage  .   h - +0 pair of gloves
Will     .....                  (no boots)
Stlth    ++........             d - amulet of the acrobat
HPRegen  0.08/turn              (no ring)
MPRegen  0.12/turn              (no ring)

@: acrobat
A: no striking features
a: no special abilities


You were on level 3 of the Dungeon.
You visited 1 branch of the dungeon, and saw 3 of its levels.

You collected 160 gold pieces.

Inventory:

Hand Weapons
 f - a +0 dagger (weapon)
Armour
 a - a +0 robe (worn)
 h - a +0 pair of gloves (worn)
Jewellery
 d - an amulet of the acrobat (around neck)
Wands
 k - a wand of random effects (20)
Scrolls
 b - a scroll of identify
 c - 5 scrolls of teleportation
 e - 2 scrolls of remove curse
 i - a scroll of enchant armour
 j - a scroll of noise {unknown}
Potions
 g - a potion of brilliance


   Skills:
 + Level 2.9 Dodging
 + Level 3.4 Stealth
 + Level 3.8 Spellcasting
 + Level 6.0 Conjurations


You had 4 spell levels left.
You knew the following spells:

 Your Spells              Type           Power        Failure   Level
a - Magic Dart            Conj           100%         1%          1
b - Searing Ray           Conj           66%          1%          2
c - Dazzling Flash        Conj/Hex       38%          9%          3

Your spell library contained the following spells:

 Spells                   Type           Power        Failure   Level
 Fulminant Prism          Conj/Hex       9%           28%         4
 Iskenderun's Mystic Bla  Conj/Tloc      19%          28%         4


Dungeon Overview and Level Annotations

Branches:
Dungeon (3/15)

Altars:
Okawaru


Message History

The orc priest shouts! x2; The orc shouts!
An orc comes into view. It is wielding a +0 club.
An orc priest comes into view. It is wielding a +0 club.
You see here 15 gold pieces.
You now have 160 gold pieces (gained 15).
There are monsters nearby!
An orc comes into view.
Found 13 gold pieces and 25 stones.
Found a stone staircase leading down.
The orc priest shouts!
The orc priest invokes the aid of Beogh against you.
Beogh smites you!
Ouch! That really hurt!
You hear a shout!
The orc closely misses you.
The orc priest looks encouraged for a moment.
The orc priest invokes the aid of Beogh against you.
Beogh smites you!
Ouch! That really hurt!
You die...

.........................###.....
.......####...............##.....
....................#...#.##.....
........###.........#...#.##.....
.....##.# #.#.....#.##.##.##.....
.†...##.# #.#.....#.##.##.##.....
.....##.# #.####.......##..#.....
.....##.###......##.######.#o....
...†............@.o.o..o.........
........###########.###..........
#....#### #.# #..(#..####
<........... ..# #...#.....
............ ...# #...##.###
............ ..... #...##..
............ ...... #.......#
............ ....... #........
............


You could see an orc priest and 2 orcs.

Vanquished Creatures
  A scorpion (D:3)
  3 adders
  An ooze (D:3)
  A leopard gecko (D:1)
  A ball python (D:2)
  2 bats
  7 goblins
  8 hobgoblins
  6 jackals (D:2)
  A quokka (D:2)
  4 frilled lizards
  6 kobolds
  5 rats
46 creatures vanquished.

Notes
Turn   | Place    | Note
-------+----------+-------------------------------------------
     0 | D:1      | Almogavar the Deep Elf Conjurer began the quest for the
                  | Orb.
     0 | D:1      | Reached XP level 1. HP: 10/10 MP: 6/6
   251 | D:1      | Reached XP level 2. HP: 15/15 MP: 2/8
   467 | D:1      | Learned a level 2 spell: Searing Ray
   625 | D:1      | You fall into a shaft and drop 1 floor!
   629 | D:2      | Reached skill level 5 in Conjurations
   786 | D:2      | Reached XP level 3. HP: 19/19 MP: 1/9
  1756 | D:2      | Found an iron altar of Okawaru.
  2180 | D:3      | Noticed a scorpion
  2198 | D:3      | Killed a scorpion
  2199 | D:3      | Reached XP level 4. HP: 24/24 MP: 5/11
  2295 | D:3      | Reached skill level 6 in Conjurations
  2342 | D:3      | Learned a level 3 spell: Dazzling Flash
  2534 | D:3      | Killed from afar by an orc priest

Illustrated notes

Levels and vault maps discovered:
D:1:      minmay_arrival_stone_box, layout_basic
D:2:      layout_basic, lemuel_round_altar, st_stairs_11, kennysheep_boxes
D:3:      cheibrodos_pilgrimage, layout_basic

Skill      XL: |  1  2  3  4 |
---------------+-------------+-----
Conjurations   | 5 6 |  6.0
Stealth        | 3 |  3.4
Dodging        | |  2.9
Spellcasting   | |  3.8

Action                   |  1- 3 |  4- 6 || total
-------------------------+-------+-------++-------
Melee: Dagger            |     4 |       ||     4
 Cast: Magic Dart        |    67 |    10 ||    77
       Searing Ray       |     8 |     1 ||     9
  Use: Scroll            |     5 |       ||     5
Armor: Robe              |     4 |       ||     4
Dodge: Dodged            |     5 |     1 ||     6
